 Dungeon Crawl Stone Soup version 0.26-a0-784-g51bffae0b1 (webtiles) character file.

Game seed: 13680481379828498708

256 Chiseanne the Magician (level 5, -2/35 HPs)
             Began as a Demonspawn Hedge Wizard on Nov 10, 2020.
             Killed by nerve-wracking pain
             ... invoked by Grinder
              (12 damage)
             ... on level 4 of the Dungeon.
             The game lasted 00:07:32 (3768 turns).

Chiseanne the Magician (Demonspawn Hedge Wizard)    Turns: 3768, Time: 00:07:32

Health: -2/35      AC:  5    Str: 10    XL:     5   Next: 92%
Magic:  11/11      EV: 12    Int: 16    God:
Gold:   173        SH:  0    Dex: 13    Spells: 7/13 levels left

rFire    . . .     SeeInvis .   a - +3 dagger (elec)
rCold    . . .     Faith    .   (no shield)
rNeg     . . .     Spirit   .   b - +1 robe
rPois    .         Reflect  .   c - +0 hat
rElec    .         Harm     .   (no cloak)
rCorr    .         Rampage  .   (no gloves)
MR       .....                  (no boots)
Stlth    +++.......             (no amulet)
HPRegen  0.11/turn              d - ring of stealth
MPRegen  0.12/turn              (no ring)

@: no status effects
A: talons 1, slimy green scales 1, rot immunity
a: no special abilities


You were on level 4 of the Dungeon.
You visited 1 branch of the dungeon, and saw 4 of its levels.

You collected 173 gold pieces.

Inventory:

Hand Weapons
 a - a +3 dagger of electrocution (weapon)
 r - a cursed -1 short sword
 s - a +4 flail
Missiles
 e - 6 sling bullets
 i - 40 arrows
 j - 19 bolts
Armour
 b - a +1 robe (worn)
 c - a +0 hat (worn)
 k - a +0 robe of positive energy
 q - the +2 ring mail "Enasoyt" {+Inv Stlth+}
   (You found it on level 4 of the Dungeon)

   It lets you turn invisible.
   It makes you more stealthy.
Jewellery
 d - a ring of stealth (left hand)
Wands
 m - a wand of random effects (19)
Scrolls
 f - a scroll of blinking
 g - 6 scrolls of teleportation
Potions
 h - a potion of curing
 l - a potion of cancellation
 n - a potion of lignification
 o - a potion of berserk rage {unknown}
 p - a potion of flight {unknown}
 t - 2 potions of might {unknown}


   Skills:
 - Level 1.7 Dodging
 - Level 1.7 Stealth
 * Level 4.5 Spellcasting
 * Level 3.7 Conjurations
   Level 1.0 Summonings
 - Level 0.8 Translocations
 * Level 2.2 Air Magic


You had 7 spell levels left.
You knew the following spells:

 Your Spells              Type           Power        Failure   Level
a - Magic Dart            Conj           ###.         3%          1
b - Blink                 Tloc           N/A          17%         2
d - Mephitic Cloud        Conj/Pois/Air  #.......     22%         3

Your spell library contained the following spells:

 Spells                   Type           Power        Failure   Level
 Call Imp                 Summ           #.......     16%         2
 Conjure Flame            Conj/Fire      #.......     22%         3
 Slow                     Hex            #.......     24%         2


Dungeon Overview and Level Annotations

Branches:
Dungeon (4/15)
 Temple: D:4-7

Altars:
Elyvilon

Annotations:
D:2 Sigmund
D:4 Grinder


Innate Abilities, Weirdness & Mutations

You have sharp toenails.
You are partially covered in slimy green scales. (AC +2)
You are immune to rotting.


Message History

You barely miss Grinder. Your kick misses Grinder.
Grinder is lightly wounded.
Grinder hits you.
You writhe in agony.
You hit Grinder.
Grinder is moderately wounded.
Grinder gestures at you. Pain shoots through your body!
* * * LOW HITPOINT WARNING * * *
You hit Grinder.
Grinder is heavily wounded.
Grinder blinks!
Evoke which item? (* to show all) (? for menu, Esc to quit)
Aiming: Random Effects
Press: ? - help, Shift-Dir - straight line, f - Grinder
Aim: Grinder (heavily wounded)
The fireball explodes!
The fireball engulfs Grinder!
Grinder is almost dead.
Grinder gestures at you. Pain shoots through your body!
You die...

##########.#
##.......##.####
#.....##.#.....#
#.....##.#..##.#
#............[.) #
#..<..##.#...#.# #.#
#.....##>#.#.#.#
#...####.......#.#.#.#
#..@..5....###.....#
#.ยง####.###.####.###
#.$ #.## ##.###.# #...
#.# #.....# # ##..
#.## ##>##### .
##.####.###.##
#.........## #
########### # .#


You could see Grinder.

Vanquished Creatures
  Natasha (D:2)
  3 orc wizards
  A hound skeleton (D:3)
  2 gnolls (D:2)
  2 adders
  A shadow imp (D:3)
  2 oozes
  A worm (D:2)
  2 dart slugs (D:1)
  2 leopard geckos
  10 orcs
  3 ball pythons
  5 bats
  8 giant cockroaches
  7 goblins
  A hobgoblin (D:3)
  7 jackals
  A ball python skeleton (D:4)
  A frilled lizard (D:1)
  5 kobolds
  4 rats
69 creatures vanquished.

Notes
Turn   | Place    | Note
-------+----------+-------------------------------------------
     0 | D:1      | Chiseanne the Demonspawn Hedge Wizard began the quest for
                  | the Orb.
     0 | D:1      | Reached XP level 1. HP: 13/13 MP: 4/4
   478 | D:1      | Gained mutation: You are partially covered in slimy green
                  | scales. (AC +2) [demonic ancestry]
   478 | D:1      | Reached XP level 2. HP: 17/19 MP: 0/6
  1160 | D:1      | Gained mutation: You are immune to rotting. [demonic
                  | ancestry]
  1160 | D:1      | Reached XP level 3. HP: 24/24 MP: 4/8
  1637 | D:2      | Noticed Sigmund
  1897 | D:2      | Learned a level 2 spell: Blink
  1901 | D:2      | Learned a level 3 spell: Mephitic Cloud
  1970 | D:2      | Noticed Natasha
  1980 | D:2      | Killed Natasha
  1980 | D:2      | Gained mutation: You have sharp toenails. [demonic
                  | ancestry]
  1980 | D:2      | Reached XP level 4. HP: 30/30 MP: 9/9
  2251 | D:3      | Reached skill level 4 in Spellcasting
  2306 | D:3      | Reached skill level 1 in Air Magic
  2948 | D:3      | Reached XP level 5. HP: 35/35 MP: 9/11
  3358 | D:4      | Got a bronze ring mail
  3554 | D:4      | Identified the +2 ring mail "Enasoyt" {+Inv Stlth+} (You
                  | found it on level 4 of the Dungeon)
  3605 | D:4      | Found a white marble altar of Elyvilon.
  3760 | D:4      | Noticed Grinder
  3760 | D:4      | Paralysed by Grinder for 3 turns
  3768 | D:4      | Killed from afar by Grinder

Illustrated notes

Levels and vault maps discovered:
D:1:      eino_arrival_cavern_e, layout_loops_ring
D:2:      layout_rooms, chequers_serial_rivers_room_b, uniq_natasha,
          uniq_sigmund
D:3:      layout_basic
D:4:      layout_loops_cross, chequers_serial_rivers_micro_a,
          grunt_ministairs_15, elyvilon_altar_1, uniq_grinder

Skill      XL: |  1  2  3  4  5 |
---------------+----------------+-----
Conjurations   | 2 3 |  3.7
Spellcasting   | 4 |  4.5
Air Magic      | 1 2 |  2.2
Dodging        | |  1.7
Stealth        | |  1.7
Summonings     | |  1.0
Translocations | |  0.8

Action                   |  1- 3 |  4- 6 || total
-------------------------+-------+-------++-------
Melee: Dagger            |    31 |    31 ||    62
       Kick              |       |     3 ||     3
 Cast: Magic Dart        |    71 |    96 ||   167
       Mephitic Cloud    |       |     4 ||     4
       Blink             |       |     3 ||     3
Evoke: Wand              |       |     1 ||     1
  Use: Scroll            |       |     9 ||     9
 Stab: Sleeping          |     2 |       ||     2
       Confused          |       |     1 ||     1
Armor: Robe              |    10 |    11 ||    21
Dodge: Dodged            |    22 |    27 ||    49

Table legend: (Time is in decaauts)
 A = Elapsed time spent in this place.
 B = Non-inter-level travel time spent in this place.
 C = Inter-level travel time spent in this place.
 D = Time resting spent in this place.
 E = Time spent auto-exploring this place.
 F = Levels seen in this place.
 G = Mean time per level.
                   A        B        C        D        E       F      G
               +--------+--------+--------+--------+--------+-----+--------+
         Total |   3782 |   3653 |    129 |   1697 |   1367 |   4 |  945.5 |
       Dungeon |   3782 |   3653 |    129 |   1697 |   1367 |   4 |  945.5 |
               +--------+--------+--------+--------+--------+-----+--------+

Top non-repeatable levels by time:
     D:1: 1680 daAuts
     D:3: 957 daAuts
     D:2: 592 daAuts
     D:4: 552 daAuts
